AoeStats
← 林海

Arabia

510912624Analyzed
4v4 RM · 20h ago on Oct 3, 2026· 54m 25s· 8 players
Game mode
Random Map
Map size
Large (8 player)
Population
200
Speed
Normal
Resources
Standard
Victory
Conquest
Starting age
Dark Age
Ending age
Imperial Age
RankedLock teamsTeams togetherTeam positionsShared explorationLock speedFull tech treeHidden civsTurbo modeCheats
Victory
Defeat
🇦🇷 Teutons · Argentina
1150
+14
🇦🇷 Saracens · Argentina
1149
+14
🇦🇷 Ethiopians · Argentina
1100
+16
🇦🇺 Britons · Australia
1098
+15
🇨🇳 Poles · China
1223
-21
🇨🇳 Ethiopians · China
1086
-14
1081
-14
🇨🇳 Vietnamese · China
988
-10
大明湖畔
9:25 Feudal Age
10:02 Double-Bit Axe
16:16 Castle Age
14:15 Horse Collar
17:16 Bow Saw
17:42 Wheelbarrow
19:41 Loom
23:50 Husbandry
23:56 Scale Barding Armor
23:51 Gold Mining
26:25 Chain Barding Armor
28:23 Forging
30:42 Iron Casting
30:38 Hand Cart
32:49 Pikeman
33:30 Squires
33:33 Scale Mail Armor
35:32 Chain Mail Armor
38:57 Yeomen
41:23 Imperial Age
39:34 Gold Shaft Mining
39:30 Crossbowman
40:09 Fletching
40:21 Padded Archer Armor
41:28 Arbalester
42:53 Bodkin Arrow
43:13 Leather Archer Armor
42:23 Halberdier
42:49 Arson
45:08 Two-Man Saw
45:03 Plate Mail Armor
45:19 Conscription
45:22 Stone Mining
46:39 Chemistry
46:00 Ballistics
45:38 Town Watch
46:05 Bracer
46:36 Ring Archer Armor
50:03 Blast Furnace
PoloGarate
1:20 Loom
9:51 Feudal Age
10:20 Double-Bit Axe
11:59 Horse Collar
15:46 Bloodlines
22:03 Castle Age
20:00 Gold Mining
20:42 Scale Barding Armor
22:02 Forging
23:25 Chain Barding Armor
23:27 Bow Saw
23:25 Heavy Plow
27:45 Iron Casting
30:17 Town Watch
31:09 Wheelbarrow
44:53 Imperial Age
42:44 Hand Cart
42:30 Town Patrol
45:00 Cavalier
46:16 Plate Barding Armor
46:44 Blast Furnace
46:48 Paladin
nehuen251
4:04 Loom
10:18 Feudal Age
11:36 Double-Bit Axe
16:41 Fletching
25:06 Castle Age
23:49 Padded Archer Armor
25:07 Crossbowman
25:48 Bodkin Arrow
30:36 Horse Collar
33:01 Leather Archer Armor
39:00 Thumb Ring
40:03 Bow Saw
40:33 Ballistics
42:28 Husbandry
42:38 Bloodlines
43:00 Forging
42:56 Scale Barding Armor
46:15 Iron Casting
49:21 Chain Barding Armor
51:34 Gold Mining
gus_benja
7:42 Loom
10:01 Feudal Age
11:03 Double-Bit Axe
14:06 Fletching
16:07 Horse Collar
18:24 Gold Mining
21:55 Padded Archer Armor
24:45 Castle Age
25:01 Crossbowman
25:54 Thumb Ring
26:57 Leather Archer Armor
27:34 Bodkin Arrow
30:21 Ballistics
30:26 Bow Saw
35:32 Wheelbarrow
35:50 Gold Shaft Mining
42:00 Imperial Age
40:55 Stone Mining
42:07 Hand Cart
42:43 Bracer
42:05 Arbalester
43:54 Ring Archer Armor
48:51 Scale Mail Armor
49:52 Forging
49:48 Scale Barding Armor
50:20 Siege Engineers
53:27 Town Watch
55:35 Iron Casting
55:16 Chain Mail Armor
55:21 Chain Barding Armor
高老头子
7:43 Loom
10:14 Feudal Age
13:05 Fletching
15:00 Padded Archer Armor
22:55 Castle Age
21:57 Double-Bit Axe
23:57 Horse Collar
24:28 Gold Mining
24:04 Crossbowman
24:48 Squires
24:47 Bodkin Arrow
25:00 Pikeman
27:18 Leather Archer Armor
36:42 Thumb Ring
39:04 Bow Saw
41:23 Wheelbarrow
41:44 Stone Mining
52:57 Imperial Age
51:59 Murder Holes
53:10 Elite Skirmisher
53:12 Arbalester
53:57 Bracer
54:28 Ring Archer Armor
55:57 Chemistry
55:18 Ballistics
Fairy22
10:20 Feudal Age
8:36 Loom
11:00 Double-Bit Axe
10:57 Horse Collar
17:27 Scale Barding Armor
20:26 Castle Age
21:38 Bow Saw
21:33 Heavy Plow
24:21 Chain Barding Armor
24:55 Wheelbarrow
25:36 Forging
25:38 Szlachta Privileges
26:14 Bloodlines
26:14 Husbandry
30:43 Iron Casting
36:38 Hand Cart
37:43 Gold Mining
40:59 Imperial Age
39:38 Fletching
41:01 Cavalier
42:45 Blast Furnace
42:50 Chemistry
42:31 Ballistics
42:34 Conscription
42:45 Capped Ram
44:35 Bodkin Arrow
44:05 Light Cavalry
46:46 Crop Rotation
46:22 Winged Hussar
47:38 Lechitic Legacy
50:27 Town Watch
53:46 Murder Holes
林海
7:22 Loom
9:55 Feudal Age
11:49 Double-Bit Axe
18:07 Wheelbarrow
21:54 Castle Age
20:11 Gold Mining
21:20 Fletching
21:31 Padded Archer Armor
21:58 Crossbowman
23:05 Bow Saw
23:11 Bodkin Arrow
24:05 Gold Shaft Mining
30:22 Leather Archer Armor
31:09 Ballistics
噜噜啊噜噜噜噜噜
3:22 Loom
13:10 Feudal Age
14:49 Wheelbarrow
17:25 Castle Age
16:25 Double-Bit Axe
16:33 Gold Mining
16:33 Stone Mining
17:18 Forging
16:59 Town Watch
17:56 Scale Barding Armor
20:30 Bow Saw
25:21 Iron Casting
27:26 Hand Cart
30:08 Chain Barding Armor
32:59 Husbandry
41:31 Imperial Age
39:58 Gold Shaft Mining
41:39 Cavalier
41:39 Light Cavalry
43:27 Blast Furnace
43:03 Plate Barding Armor
45:09 Hoardings
44:55 Conscription
45:14 Paladin
48:08 Scale Mail Armor
48:09 Padded Archer Armor
47:59 Fletching
Connection lost

Rejoining the realm…

Still unreachable

The connection could not be restored.

Session expired

The server has moved on; the page needs a fresh start.